 Dungeon Crawl Stone Soup version 0.16.1-11-g651b585 (webtiles) character file.

211 abixa the Digger (level 5, 0/28 HPs)
             Began as a Gargoyle Earth Elementalist on Mar 31, 2015.
             Killed by divine providence
             ... invoked by an orc priest
              (13 damage)
             ... on level 3 of the Dungeon.
             The game lasted 00:10:30 (4221 turns).

abixa the Digger (Gargoyle Earth Elementalist)      Turns: 4221, Time: 00:10:30

Health: 0/28       AC:  9    Str: 12    XL:     5   Next: 88%
Magic:  4/9        EV: 10    Int: 16    God:
Gold:   127        SH:  0    Dex: 10    Spells: 2 memorised, 4 levels left

rFire  . . .     SeeInvis .     b - 117 stones
rCold  . . .     Clarity  .     o - +0 ring mail
rNeg   + . .     SustAb   .     (no shield)
rPois  ∞         Gourm    .     (no helmet)
rElec  +         Spirit   .     (no cloak)
rCorr  .         Warding  .     (no gloves)
rMut   .         Stasis   .     (no boots)
MR     .....                    r - amulet of rage
Stlth  +.........               (no ring)
                                (no ring)

@: very slightly contaminated, not resistant to hostile enchantments, very
unstealthy
A: negative energy resistance 1, electricity resistance, unbreathing,
petrification resistance, rot immunity, AC +4
a: Evoke Berserk Rage


You were on level 3 of the Dungeon.
You were not hungry.

You visited 1 branch of the dungeon, and saw 3 of its levels.

You collected 127 gold pieces.

Inventory:

Hand weapons
 a - a +0 falchion
Missiles
 b - 117 stones (in hand)
 c - 7 sling bullets of flame
 k - 2 throwing nets
 m - 15 arrows
Armour
 o - a +0 ring mail (worn)
 s - a +0 leather armour of positive energy
Jewellery
 r - an amulet of rage (around neck)
 u - a cursed ring of loudness {unknown}
Scrolls
 h - 5 scrolls of identify {unknown}
 i - a scroll of fear {unknown}
 l - 2 scrolls of teleportation {unknown}
 p - a scroll of enchant armour {unknown}
 t - 2 scrolls of noise {unknown}
 v - a scroll of recharging {unknown}
 x - a scroll of enchant weapon {unknown}
 A - a scroll of immolation {unknown}
Potions
 e - 3 potions of agility {unknown}
 f - 2 potions of restore abilities {unknown}
 n - a potion of haste {unknown}
 q - 2 potions of curing {unknown}
Books
 d - a book of Geomancy

   Spells                             Type                      Level
   a - Sandblast                      Earth                        1
   b - Stoneskin                      Transmutation/Earth          2
   c - Passwall                       Transmutation/Earth          3
   d - Stone Arrow                    Conjuration/Earth            3
   e - Petrify                        Transmutation/Earth          4
   f - Lee's Rapid Deconstruction     Earth                        5
 y - a book of Necromancy

   Spells                             Type                      Level
   a - Pain                           Necromancy                   1
   b - Animate Skeleton               Necromancy                   1
   c - Vampiric Draining              Necromancy                   3
   d - Regeneration                   Charms/Necromancy            3
   e - Animate Dead                   Necromancy                   4
   f - Control Undead                 Necromancy                   4
Comestibles
 g - 2 bread rations
 j - 2 meat rations
 w - 2 fruits
 z - a chunk of flesh


   Skills:
 - Level 1.5 Dodging
 - Level 2.1 Stealth
 - Level 2.0 Spellcasting
   Level 0.7 Transmutations
 + Level 7.6 Earth Magic


You had 4 spell levels left.
You knew the following spells:

 Your Spells              Type           Power        Failure   Level  Hunger
a - Sandblast             Erth           ####..       1%          1    #......
b - Stone Arrow           Conj/Erth      ##....       34%         3    ###....


Dungeon Overview and Level Annotations

Branches:
Dungeon (3/15)

Altars:
Dithmenos
Kikubaaqudgha
Okawaru
Ru
Sif Muna
Xom
Zin


Innate Abilities, Weirdness & Mutations

You are resistant to torment.
You are immune to poison.
Your stone body is very resilient (AC +4).
You resist negative energy.
You are resistant to electric shocks.
You can survive without breathing.
You are immune to petrification.
You are immune to rotting.


Message History

Casting: Sandblast
Confirm with . or Enter, or press ? or * to list all spells.
Aiming: Sandblast
Press: ? - help, Shift-Dir - straight line, f/p - orc priest
Aim: an orc priest, wielding a mace and wearing a chain mail (heavily wounded)
The rocky blast hits the orc priest.
The orc priest is almost dead.
The orc priest hits you but does no damage.
Unknown command.
Unknown command.
Casting: Sandblast
Confirm with . or Enter, or press ? or * to list all spells.
Aiming: Sandblast
Press: ? - help, Shift-Dir - straight line, f/p - orc priest
Aim: an orc priest, wielding a mace and wearing a chain mail (almost dead)
The rocky blast hits the orc priest.
The orc priest is almost dead.
The orc priest calls down the wrath of Beogh upon you.
Something smites you!
You die...

#.# #.......# ...# #(#
#.#####.# #.### #.#
#.......# #.# #.#
#.......#### #.# #.#
#..........# #.# #.#
#....##.##.###.#####.# ##.#
#....#...#.##........#######
#..#
#......_.o.....#........<...
#.##
#.##.#...#@......###.####.#.
#)# #.##.##.##...#.###
##.... #.# #.##...).....#.#
##..#o. ##.#
#.#####[.....#.# #..###)
##..####.#####......#.#
#.#...#..
...............#(#.##.#
#.......o
..............##.#>##.#
###.##[##
#...####.###..........#
#.##.# ##.##
#............#### #.##.#


You could see an orc priest.

Vanquished Creatures
  An orc priest (D:3)
  An orc wizard (D:3)
  5 adders
  A giant mite (D:3)
  2 worms
  3 giant geckos
  3 oozes
  9 orcs
  2 ball pythons
  8 goblins
  11 hobgoblins
  2 jackals (D:3)
  10 kobolds
  4 bats
  2 giant cockroaches
  4 giant newts
  2 quokkas (D:3)
  A quokka skeleton (D:3)
  8 rats
79 creatures vanquished.

Notes
Turn   | Place    | Note
--------------------------------------------------------------
     0 | D:1      | abixa, the Gargoyle Earth Elementalist, began the quest for the Orb.
     0 | D:1      | Reached XP level 1. HP: 10/10 MP: 3/3
   249 | D:1      | Reached skill level 4 in Earth Magic
   365 | D:1      | Reached XP level 2. HP: 15/15 MP: 4/4
  1389 | D:2      | Reached skill level 5 in Earth Magic
  1389 | D:2      | Reached XP level 3. HP: 16/19 MP: 3/6
  1565 | D:2      | Found a sacrificial altar of Ru.
  1567 | D:2      | Found a glowing silver altar of Zin.
  1569 | D:2      | Found an ancient bone altar of Kikubaaqudgha.
  1570 | D:2      | Found a shimmering altar of Xom.
  1576 | D:2      | Found a shadowy altar of Dithmenos.
  2001 | D:2      | Learned a level 3 spell: Stone Arrow
  2518 | D:2      | Reached XP level 4. HP: 16/24 MP: 4/7
  2670 | D:2      | Reached skill level 6 in Earth Magic
  2986 | D:3      | Found a deep blue altar of Sif Muna.
  3317 | D:3      | Reached XP level 5. HP: 28/28 MP: 7/9
  3461 | D:3      | Found an iron altar of Okawaru.
  3628 | D:3      | Reached skill level 7 in Earth Magic
  4221 | D:3      | Killed from afar by an orc priest

Action                   |  1- 3 |  4- 6 || total
-------------------------+-------+-------++-------
Melee: Spear             |   119 |   114 ||   233
       Falchion          |       |    97 ||    97
Throw: Stone             |     1 |       ||     1
 Cast: Sandblast         |    22 |    52 ||    74
 Stab: Sleeping          |     5 |       ||     5
  Eat: Chunk             |     5 |     7 ||    12
